 Dungeon Crawl Stone Soup version 0.25.1-2-g60ff931df9 (webtiles) character file.

Game seed: 2924987787757381484

16 Exodus22XD the Sneak (level 2, 0/11 HPs)
             Began as a Felid Enchanter on Nov 8, 2020.
             Slain by a bat (1 damage)
             ... on level 1 of the Dungeon.
             The game lasted 00:00:38 (693 turns).

Exodus22XD the Sneak (Felid Enchanter)               Turns: 693, Time: 00:00:39

Health: 0/11       AC:  1    Str:  4    XL:     2   Next: 37%
Magic:  5/6        EV: 18    Int: 16    God:
Gold:   2          SH:  0    Dex: 16    Spells: 4/5 levels left
                                        Lives:  0   Deaths: 0

rFire    . . .     SeeInvis +     - Unarmed
rCold    . . .     Gourm    .   (shield unavailable)
rNeg     . . .     Faith    +   (armour unavailable)
rPois    .         Spirit   .   (helmet unavailable)
rElec    .         Reflect  .   (cloak unavailable)
rCorr    .         Harm     .   (gloves unavailable)
MR       .....                  (boots unavailable)
Stlth    +++.......             e - amulet of faith
HPRegen  0.03/turn              (no ring)
MPRegen  0.10/turn              (no ring)

@: quick
A: very small, no armour, no weapons or thrown items, stealth, claws 1, fangs 3,
see invisible, carnivore, speed 1, shaggy fur 1, slow metabolism 1, sharp paws
a: no special abilities


You were on level 1 of the Dungeon.
You were completely stuffed.

You visited 1 branch of the dungeon, and saw 1 of its levels.

You collected 2 gold pieces.

Inventory:

Jewellery
 e - an amulet of faith (around neck)
Scrolls
 c - a scroll of amnesia {unknown}
 d - 2 scrolls of remove curse {unknown}
 f - a scroll of noise {unknown}
 i - a scroll of blinking {unknown}
Potions
 a - a potion of flight {unknown}
 g - a potion of mutation {unknown}
 h - a potion of lignification {unknown}
Comestibles
 b - a ration


   Skills:
 - Level 2.6 Dodging
 + Level 5.3 Stealth
 - Level 1.0 Unarmed Combat
 - Level 2.0 Spellcasting
 - Level 4.4 Hexes


You had 4 spell levels left.
You knew the following spells:

 Your Spells              Type           Power        Failure   Level  Hunger
a - Corona                Hex            ###....      3%          1    #......

Your spell library contained the following spells:

 Spells                   Type           Power        Failure   Level  Hunger
 Confusing Touch          Hex            ###.....     11%         3    ###....
 Tukima's Dance           Hex            ###.....     11%         3    ###....
 Ensorcelled Hibernation  Hex/Ice        #.....       13%         2    ###....
 Dazzling Flash           Conj/Hex       #.....       26%         3    ###....


Dungeon Overview and Level Annotations

Branches:
Dungeon (1/15)

Altars:


Innate Abilities, Weirdness & Mutations

You cannot wear armour.
You are incapable of wielding weapons or throwing items.
Your paws allow you to move quietly. (Stealth)
You have sharp claws.
You have razor-sharp teeth.
You have supernaturally acute eyesight. (SInv)
You are carnivorous and can eat meat at any time.
You cover ground quickly.
You are covered in fur. (AC +1)
You have a slow metabolism.
Your sharp claws are effective at attacking unaware monsters.


Message History

You scratch the hobgoblin but do no damage.
The hobgoblin is severely wounded.
The bat hits you but does no damage. The bat closely misses you.
The hobgoblin misses you.
You scratch the hobgoblin but do no damage.
The hobgoblin is severely wounded.
The hobgoblin stops glowing.
The bat closely misses you. The bat barely misses you.
The hobgoblin hits you with a +0 club.
Ouch! That really hurt!
* * * LOW HITPOINT WARNING * * *
You scratch the hobgoblin but do no damage.
The hobgoblin is severely wounded.
The bat completely misses you. The hobgoblin misses you.
The bat barely misses you.
You scratch the hobgoblin.
You kill the hobgoblin!
The bat hits you.
* * * LOW HITPOINT WARNING * * *
The bat misses you. The rat barely misses you. The bat hits you.
You die...

#.### #.....# .#######.#
#.##### ........รท# #.#
######..#######.#
#..#.......#
###..#.#####.#
#.####...b#.# ###.#####
#.....r#.##.###.......#
#.#.###)@b.........###.#
#[............### #.
#.###.#.##.###.# #.#
#.#.##.# #.# #.#
#.#.##.# #.# #.#
....##.# #.# #.#
..#..##.# #.# #.#
#...###.###.#####.##
#..................


You could see 2 bats and a rat.

Vanquished Creatures
  An ooze (D:1)
  A bat (D:1)
  4 hobgoblins (D:1)
  3 kobolds (D:1)
  3 rats (D:1)
12 creatures vanquished.

Notes
Turn   | Place    | Note
-------+----------+-------------------------------------------
     0 | D:1      | Exodus22XD the Felid Enchanter began the quest for the Orb.
     0 | D:1      | Reached XP level 1. HP: 7/7 MP: 4/4
   438 | D:1      | Reached skill level 5 in Stealth
   438 | D:1      | Reached XP level 2. HP: 11/11 MP: 6/6
   693 | D:1      | Slain by a bat

Illustrated notes

Levels and vault maps discovered:
D:1:      tarquinn_simple_flora_water_d, layout_loops_ring

Skill      XL: |  1 |
---------------+----+-----
Stealth        | 5 |  5.3
Dodging        | |  2.6
Unarmed Combat | |  1.0
Spellcasting   | |  2.0
Hexes          | |  4.4

Action                   || total
-------------------------++-------
Melee: Unarmed           ||    34
 Cast: Corona            ||     4
 Stab: Sleeping          ||     5
  Eat: Chunk             ||     7
Armor: Skin              ||     3
Dodge: Dodged            ||    45
